Workbook

Sheet Справочник лекарств
A2: Начальная (максимальная) цена контракта определена в соответствии с Порядком, утвержденном Приказом Министерства здравоохранения Российской Федерации от 19 декабря 2019 года № 1064н «Об утверждении Порядка определения начальной (максимальной) цены контракта, цены контракта, заключаемого с единственным поставщиком (подрядчиком, исполнителем), начальной цены единицы товара, работы, услуги при осуществлении закупок лекарственных препаратов для медицинского применения».
A3: г)Для целей применения настоящего Порядка в качестве "единицы лекарственного препарата" используются единицы измерения, указанные в едином справочнике-каталоге лекарственных препаратов. В случае отсутствия в едином справочнике-каталоге лекарственных препаратов информации о лекарственном препарате в качестве "единицы лекарственного препарата" используется единица измерения "штука", соответствующая одной лекарственной форме (форме выпуска) (таблетка, капсула, суппозиторий и проч.), либо иная единица измерения в соответствии с Общероссийским классификатором единиц измерения (ОК 015-94 (МК 002-97)), применимая для измерения количественных характеристик закупаемого лекарственного препарата.
A5: Единая информационная система в сфере закупок. Справочник лекарств (ЕСКЛП). Справочник-каталог лекарственных препаратов. Каталог товаров, работ, услуг для обеспечения государственных и муниципальных нужд.
A7: № п/п | B7: МНН или при отсутствии МНН химическое, группировочное наименование Товара | C7: Код позиции КТРУ / Реестровая запись. | D7: Единицы измерения (количество товара, объем работы, услуги по ОКЕИ) | E7: Лекарственная форма | F7: Дозировка | G7: Лекарственный препарат включен в перечень жизненно необходимых и важнейших лекарственных препаратов | H7: Наличие в лекарственном препарате наркотических средств, психотропных веществ и их прекурсоров
A8: 1 | B8: Вальпроевая кислота | C8: 21.20.10.233-000001-1-00178-0000000000000 | D8: шт (таблетка) | E8: Таблетки с пролонгированным высвобождением, покрытые оболочкой ГРЛС: Таблетки пролонгированного действия покрытые пленочной оболочкой; Таблетки пролонгированного действия покрытые оболочкой; Таблетки с пролонгированным высвобождением покрытые пленочной оболочкой | F8: 300 мг | G8: Да | H8: Нет
A9: 2 | B9: Вальпроевая кислота | C9: 21.20.10.233-000001-1-00180-0000000000000 | D9: шт (таблетка) | E9: Таблетки с пролонгированным высвобождением, покрытые оболочкой ГРЛС: Таблетки пролонгированного действия покрытые пленочной оболочкой; Таблетки пролонгированного действия покрытые оболочкой; Таблетки с пролонгированным высвобождением покрытые пленочной оболочкой | F9: 500 мг | G9: Да | H9: Нет

Sheet тарифный метод (только ЖНВЛП)
A2: Начальная (максимальная) цена контракта определена в соответствии с Порядком, утвержденном Приказом Министерства здравоохранения Российской Федерации от 19 декабря 2019 года № 1064н «Об утверждении Порядка определения начальной (максимальной) цены контракта, цены контракта, заключаемого с единственным поставщиком (подрядчиком, исполнителем), начальной цены единицы товара, работы, услуги при осуществлении закупок лекарственных препаратов для медицинского применения».
A3: б) Метод, предусмотренный пунктом 3 части 1 статьи 22 Федерального закона от 05.04.2013 N 44-ФЗ "О контрактной системе в сфере закупок товаров, работ, услуг для обеспечения государственных и муниципальных нужд"
A4: Информация о минимально возможной зарегистрированной цене производителя в соответствии с перечнем жизненно необходимых и важнейших лекарственных препаратов для медицинского применения на 2021 год, утвержденным распоряжением Правительства Российской Федерации от 12 октября 2019 г. N 2406-р, постановлением Правительства Российской Федерации от 29.10.2010 № 865 «О государственном регулировании цен на лекарственные препараты, включенные в перечень жизненно необходимых и важнейших лекарственных препаратов», представлена в Государственном реестре предельных отпускных цен производителей на лекарственные препараты, включенные в перечень жизненно необходимых и важнейших лекарственных препаратов, по адресу в сети Интернет http://grls.rosminzdrav.ru/:
A6: Тарифный метод (ч.8 ст.22 44-ФЗ), без учета НДС и оптовой надбавки
A8: № п/п | B8: МНН | C8: Торговое наименование лекарственного препарата | D8: Лекарственная форма, дозировка, упаковка (полная) | E8: Владелец РУ/производитель/упаковщик/Выпускающий контроль | F8: Кол-во шт в потребит.упаковке | G8: Предельная цена руб. без НДС | H8: Расчетная цена за единицу измерения, руб. | I8: № РУ | J8: Дата регистрации цены (№ решения) | K8: Расчетная предельная отпускная цена производителя без оптовой надбавки и без НДС, за единицу товара руб.
A9: 1 | B9: ='Справочник лекарств'!B8 -> Вальпроевая кислота | C9: Конвульсофин-ретард | D9: таблетки с пролонгированным высвобождением, покрытые пленочной оболочкой, 300 мг, 10 шт. - блистер (10) - пачка картонная | E9: Вл.Тева Фармацевтические Предприятия Лтд, Израиль (557410149); Вып.к.Перв.Уп.Втор.Уп.Пр.Меркле ГмбХ, Германия (239707564); | F9: 100 | G9: 311.11 | H9: =G9/F9 -> 3.1111 | I9: ЛП-003108 | J9: 14.12.2020 (560/20-20-ОПР) | K9: =MIN(H9:H84) -> 3.111
C10: Конвулекс | D10: таблетки с пролонгированным высвобождением, покрытые пленочной оболочкой, 300 мг, 50 шт. - флакон (1) - пачка картонная | E10: Вл.Общество с ограниченной ответственностью "Бауш Хелс" (ООО "Бауш Хелс"), Россия (7706782987); Вып.к.Перв.Уп.Втор.Уп.Пр.Г.Л. Фарма ГмбХ, Австрия (ATU54367509); | F10: 50 | G10: 155.55 | H10: =G10/F10 -> 3.111 | I10: П N015315/01 | J10: 14.05.2021 (20-4-4172682-ОПР-изм)
C11: Вальпроевая кислота | D11: таблетки с пролонгированным высвобождением, покрытые пленочной оболочкой, 300 мг, 50 шт. - банки (1) - пачки картонные | E11: Вл.Общество с ограниченной ответственностью "Леквалис" (ООО "Леквалис" ), Россия (7724460774); Вып.к.Перв.Уп.Втор.Уп.Пр.Общество с ограниченной ответственностью "Интерфарма" (ООО "Интерфарма"),, Россия (7105022163); | F11: 50 | G11: 170.17 | H11: =G11/F11 -> 3.4034 | I11: ЛП-008213 | J11: 07.11.2022 1439/20-22
C12: Вальпроевая кислота | D12: таблетки с пролонгированным высвобождением, покрытые пленочной оболочкой, 300 мг, 30 шт. - банки (1) - пачки картонные | E12: Вл.Общество с ограниченной ответственностью "Леквалис" (ООО "Леквалис" ), Россия (7724460774); Вып.к.Перв.Уп.Втор.Уп.Пр.Общество с ограниченной ответственностью "Интерфарма" (ООО "Интерфарма"),, Россия (7105022163); | F12: 30 | G12: 102.1 | H12: =G12/F12 -> 3.4033333 | I12: ЛП-008213 | J12: 07.11.2022 1439/20-22
C13: Вальпроевая кислота | D13: таблетки с пролонгированным высвобождением, покрытые пленочной оболочкой, 300 мг, 10 шт. - упаковки ячейковые контурные (10) - пачки картонные | E13: Вл.Вып.к.Перв.Уп.Втор.Уп.Пр.Общество с ограниченной ответственностью "Изварино Фарма" (ООО "Изварино Фарма"), Россия (5003022562); | F13: 100 | G13: 326.86 | H13: =G13/F13 -> 3.2686 | I13: ЛП-005145 | J13: 06.03.2023 226/20-23/ОС-сниж
C14: Вальпроевая кислота | D14: таблетки с пролонгированным высвобождением, покрытые пленочной оболочкой, 300 мг, 10 шт. - упаковки ячейковые контурные (10) - пачки картонные | E14: Вл.Перв.Уп.Втор.Уп.Пр.Общество с ограниченной ответственностью "Изварино Фарма" (ООО "Изварино Фарма"), Россия (5003022562); Вып.к.Общество с ограниченной ответственностью "НАНОФАРМА ДЕВЕЛОПМЕНТ" (ООО "НАНОФАРМА ДЕВЕЛОПМЕНТ"), Россия (1655283577); | F14: 100 | G14: 326.86 | H14: =G14/F14 -> 3.2686 | I14: ЛП-005145 | J14: 06.03.2023 226/20-23/ОС-сниж
C15: МИРОДЕП® лонг | D15: таблетки с пролонгированным высвобождением, покрытые пленочной оболочкой, 300 мг, 10 шт. - упаковки ячейковые контурные (3) - пачки картонные | E15: Вл.Общество с ограниченной ответственностью "Фармаклаб" (ООО "Фармаклаб"), Россия (4025444894); Пр.ЗАО `Обнинская химико-фармацевтическая компания` (ЗАО ОХФК), Россия (4025062616); Вып.к.Перв.Уп.Втор.Уп.Общество с ограниченной ответственностью "НоваМедика Иннотех" (ООО "НоваМедика Иннотех"), Россия (7718915102); | F15: 30 | G15: 98.06 | H15: =G15/F15 -> 3.2686667 | I15: ЛП-004165 | J15: 06.03.2023 226/20-23/ОС-сниж
C16: МИРОДЕП® лонг | D16: таблетки с пролонгированным высвобождением, покрытые пленочной оболочкой, 300 мг, 10 шт. - упаковки ячейковые контурные (5) - пачки картонные | E16: Вл.Общество с ограниченной ответственностью "Фармаклаб" (ООО "Фармаклаб"), Россия (4025444894); Пр.ЗАО `Обнинская химико-фармацевтическая компания` (ЗАО ОХФК), Россия (4025062616); Вып.к.Перв.Уп.Втор.Уп.Общество с ограниченной ответственностью "НоваМедика Иннотех" (ООО "НоваМедика Иннотех"), Россия (7718915102); | F16: 50 | G16: 163.43 | H16: =G16/F16 -> 3.2686 | I16: ЛП-004165 | J16: 06.03.2023 226/20-23/ОС-сниж
C17: МИРОДЕП® лонг | D17: таблетки с пролонгированным высвобождением, покрытые пленочной оболочкой, 300 мг, 10 шт. - упаковки ячейковые контурные (10) - пачки картонные | E17: Вл.Общество с ограниченной ответственностью "Фармаклаб" (ООО "Фармаклаб"), Россия (4025444894); Пр.ЗАО `Обнинская химико-фармацевтическая компания` (ЗАО ОХФК), Россия (4025062616); Вып.к.Перв.Уп.Втор.Уп.Общество с ограниченной ответственностью "НоваМедика Иннотех" (ООО "НоваМедика Иннотех"), Россия (7718915102); | F17: 100 | G17: 326.86 | H17: =G17/F17 -> 3.2686 | I17: ЛП-004165 | J17: 06.03.2023 226/20-23/ОС-сниж
C18: МИРОДЕП® лонг | D18: таблетки с пролонгированным высвобождением, покрытые пленочной оболочкой, 300 мг, 50 шт. - банки (1) - пачки картонные | E18: Вл.Общество с ограниченной ответственностью "Фармаклаб" (ООО "Фармаклаб"), Россия (4025444894); Пр.ЗАО `Обнинская химико-фармацевтическая компания` (ЗАО ОХФК), Россия (4025062616); Вып.к.Перв.Уп.Втор.Уп.Общество с ограниченной ответственностью "НоваМедика Иннотех" (ООО "НоваМедика Иннотех"), Россия (7718915102); | F18: 50 | G18: 163.43 | H18: =G18/F18 -> 3.2686 | I18: ЛП-004165 | J18: 06.03.2023 226/20-23/ОС-сниж
C19: МИРОДЕП® лонг | D19: таблетки с пролонгированным высвобождением, покрытые пленочной оболочкой, 300 мг, 30 шт. - банки (1) - пачки картонные | E19: Вл.Общество с ограниченной ответственностью "Фармаклаб" (ООО "Фармаклаб"), Россия (4025444894); Пр.ЗАО `Обнинская химико-фармацевтическая компания` (ЗАО ОХФК), Россия (4025062616); Вып.к.Перв.Уп.Втор.Уп.Общество с ограниченной ответственностью "НоваМедика Иннотех" (ООО "НоваМедика Иннотех"), Россия (7718915102); | F19: 30 | G19: 98.06 | H19: =G19/F19 -> 3.2686667 | I19: ЛП-004165 | J19: 06.03.2023 226/20-23/ОС-сниж
C20: МИРОДЕП® лонг | D20: таблетки с пролонгированным высвобождением, покрытые пленочной оболочкой, 300 мг, 100 шт. - банки (1) - пачки картонные | E20: Вл.Общество с ограниченной ответственностью "Фармаклаб" (ООО "Фармаклаб"), Россия (4025444894); Пр.ЗАО `Обнинская химико-фармацевтическая компания` (ЗАО ОХФК), Россия (4025062616); Вып.к.Перв.Уп.Втор.Уп.Общество с ограниченной ответственностью "НоваМедика Иннотех" (ООО "НоваМедика Иннотех"), Россия (7718915102); | F20: 100 | G20: 326.86 | H20: =G20/F20 -> 3.2686 | I20: ЛП-004165 | J20: 06.03.2023 226/20-23/ОС-сниж
C21: МИРОДЕП® лонг | D21: таблетки с пролонгированным высвобождением, покрытые пленочной оболочкой, 300 мг, 100 шт. - банки (1) - пачки картонные | E21: Вл.Общество с ограниченной ответственностью "Фармаклаб" (ООО "Фармаклаб"), Россия (4025444894); Перв.Уп.Пр.ЗАО `Обнинская химико-фармацевтическая компания` (ЗАО ОХФК), Россия (4025062616); Вып.к.Втор.Уп.Общество с ограниченной ответственностью "Спутник Технополис" (ООО "Спутник Технополис"), Россия (9723108588); | F21: 100 | G21: 326.86 | H21: =G21/F21 -> 3.2686 | I21: ЛП-004165 | J21: 06.03.2023 226/20-23/ОС-сниж
... C84: Энкорат хроно® | D84: таблетки с пролонгированным высвобождением, покрытые пленочной оболочкой, 300 мг, 10 шт. - блистеры (3) - пачки картонные | E84: Вл.Сан Фармасьютикал Индастриз Лтд, Индия (AADCS3124K); Вып.к.Перв.Уп.Втор.Уп.Пр.Сан Фарма Лабораториз Лтд, Индия (AADCS3124K); | F84: 30 | G84: 96.8 | H84: =G84/F84 -> 3.2266667 | I84: ЛП-№(013447)-(РГ-RU) | J84: 09.04.2026 25-7-4358942-изм
A85: 2 | B85: ='Справочник лекарств'!B9 -> Вальпроевая кислота | C85: Конвульсофин-ретард | D85: таблетки с пролонгированным высвобождением, покрытые пленочной оболочкой, 500 мг, 10 шт. - блистер (5) - пачка картонная | E85: Вл.Тева Фармацевтические Предприятия Лтд, Израиль (557410149); Вып.к.Перв.Уп.Втор.Уп.Пр.Меркле ГмбХ, Германия (239707564); | F85: 50 | G85: 259.25 | H85: =G85/F85 -> 5.185 | I85: ЛП-003108 | J85: 14.12.2020 (560/20-20-ОПР) | K85: =MIN(H85:H153) -> 5.185
C86: Конвулекс | D86: таблетки с пролонгированным высвобождением, покрытые пленочной оболочкой, 500 мг, 50 шт. - флакон (1) - пачка картонная | E86: Вл.Общество с ограниченной ответственностью "Бауш Хелс" (ООО "Бауш Хелс"), Россия (7706782987); Вып.к.Перв.Уп.Втор.Уп.Пр.Г.Л. Фарма ГмбХ, Австрия (ATU54367509); | F86: 50 | G86: 259.25 | H86: =G86/F86 -> 5.185 | I86: П N015315/01 | J86: 14.05.2021 (20-4-4172682-ОПР-изм)
C87: Вальпроевая кислота | D87: таблетки с пролонгированным высвобождением, покрытые пленочной оболочкой, 500 мг, 50 шт. - банки (1) - пачки картонные | E87: Вл.Общество с ограниченной ответственностью "Леквалис" (ООО "Леквалис" ), Россия (7724460774); Вып.к.Перв.Уп.Втор.Уп.Пр.Общество с ограниченной ответственностью "Интерфарма" (ООО "Интерфарма"),, Россия (7105022163); | F87: 50 | G87: 265.28 | H87: =G87/F87 -> 5.3056 | I87: ЛП-008213 | J87: 07.11.2022 1439/20-22
C88: Вальпроевая кислота | D88: таблетки с пролонгированным высвобождением, покрытые пленочной оболочкой, 500 мг, 30 шт. - банки (1) - пачки картонные | E88: Вл.Общество с ограниченной ответственностью "Леквалис" (ООО "Леквалис" ), Россия (7724460774); Вып.к.Перв.Уп.Втор.Уп.Пр.Общество с ограниченной ответственностью "Интерфарма" (ООО "Интерфарма"),, Россия (7105022163); | F88: 30 | G88: 159.17 | H88: =G88/F88 -> 5.3056667 | I88: ЛП-008213 | J88: 07.11.2022 1439/20-22
C89: Вальпроевая кислота | D89: таблетки с пролонгированным высвобождением, покрытые пленочной оболочкой, 500 мг, 10 шт. - упаковки ячейковые контурные (10) - пачки картонные | E89: Вл.Вып.к.Перв.Уп.Втор.Уп.Пр.Общество с ограниченной ответственностью "Изварино Фарма" (ООО "Изварино Фарма"), Россия (5003022562); | F89: 100 | G89: 544.77 | H89: =G89/F89 -> 5.4477 | I89: ЛП-005145 | J89: 06.03.2023 226/20-23/ОС-сниж
C90: Вальпроевая кислота | D90: таблетки с пролонгированным высвобождением, покрытые пленочной оболочкой, 500 мг, 10 шт. - упаковки ячейковые контурные (10) - пачки картонные | E90: Вл.Перв.Уп.Втор.Уп.Пр.Общество с ограниченной ответственностью "Изварино Фарма" (ООО "Изварино Фарма"), Россия (5003022562); Вып.к.Общество с ограниченной ответственностью "НАНОФАРМА ДЕВЕЛОПМЕНТ" (ООО "НАНОФАРМА ДЕВЕЛОПМЕНТ"), Россия (1655283577); | F90: 100 | G90: 544.77 | H90: =G90/F90 -> 5.4477 | I90: ЛП-005145 | J90: 06.03.2023 226/20-23/ОС-сниж
C91: МИРОДЕП® лонг | D91: таблетки с пролонгированным высвобождением, покрытые пленочной оболочкой, 500 мг, 10 шт. - упаковки ячейковые контурные (3) - пачки картонные | E91: Вл.Общество с ограниченной ответственностью "Фармаклаб" (ООО "Фармаклаб"), Россия (4025444894); Пр.ЗАО `Обнинская химико-фармацевтическая компания` (ЗАО ОХФК), Россия (4025062616); Вып.к.Перв.Уп.Втор.Уп.Общество с ограниченной ответственностью "НоваМедика Иннотех" (ООО "НоваМедика Иннотех"), Россия (7718915102); | F91: 30 | G91: 163.43 | H91: =G91/F91 -> 5.4476667 | I91: ЛП-004165 | J91: 06.03.2023 226/20-23/ОС-сниж
C92: МИРОДЕП® лонг | D92: таблетки с пролонгированным высвобождением, покрытые пленочной оболочкой, 500 мг, 10 шт. - упаковки ячейковые контурные (5) - пачки картонные | E92: Вл.Общество с ограниченной ответственностью "Фармаклаб" (ООО "Фармаклаб"), Россия (4025444894); Пр.ЗАО `Обнинская химико-фармацевтическая компания` (ЗАО ОХФК), Россия (4025062616); Вып.к.Перв.Уп.Втор.Уп.Общество с ограниченной ответственностью "НоваМедика Иннотех" (ООО "НоваМедика Иннотех"), Россия (7718915102); | F92: 50 | G92: 272.38 | H92: =G92/F92 -> 5.4476 | I92: ЛП-004165 | J92: 06.03.2023 226/20-23/ОС-сниж
C93: МИРОДЕП® лонг | D93: таблетки с пролонгированным высвобождением, покрытые пленочной оболочкой, 500 мг, 10 шт. - упаковки ячейковые контурные (10) - пачки картонные | E93: Вл.Общество с ограниченной ответственностью "Фармаклаб" (ООО "Фармаклаб"), Россия (4025444894); Пр.ЗАО `Обнинская химико-фармацевтическая компания` (ЗАО ОХФК), Россия (4025062616); Вып.к.Перв.Уп.Втор.Уп.Общество с ограниченной ответственностью "НоваМедика Иннотех" (ООО "НоваМедика Иннотех"), Россия (7718915102); | F93: 100 | G93: 544.77 | H93: =G93/F93 -> 5.4477 | I93: ЛП-004165 | J93: 06.03.2023 226/20-23/ОС-сниж
C94: МИРОДЕП® лонг | D94: таблетки с пролонгированным высвобождением, покрытые пленочной оболочкой, 500 мг, 50 шт. - банки (1) - пачки картонные | E94: Вл.Общество с ограниченной ответственностью "Фармаклаб" (ООО "Фармаклаб"), Россия (4025444894); Пр.ЗАО `Обнинская химико-фармацевтическая компания` (ЗАО ОХФК), Россия (4025062616); Вып.к.Перв.Уп.Втор.Уп.Общество с ограниченной ответственностью "НоваМедика Иннотех" (ООО "НоваМедика Иннотех"), Россия (7718915102); | F94: 50 | G94: 272.38 | H94: =G94/F94 -> 5.4476 | I94: ЛП-004165 | J94: 06.03.2023 226/20-23/ОС-сниж
C95: МИРОДЕП® лонг | D95: таблетки с пролонгированным высвобождением, покрытые пленочной оболочкой, 500 мг, 30 шт. - банки (1) - пачки картонные | E95: Вл.Общество с ограниченной ответственностью "Фармаклаб" (ООО "Фармаклаб"), Россия (4025444894); Пр.ЗАО `Обнинская химико-фармацевтическая компания` (ЗАО ОХФК), Россия (4025062616); Вып.к.Перв.Уп.Втор.Уп.Общество с ограниченной ответственностью "НоваМедика Иннотех" (ООО "НоваМедика Иннотех"), Россия (7718915102); | F95: 30 | G95: 163.43 | H95: =G95/F95 -> 5.4476667 | I95: ЛП-004165 | J95: 06.03.2023 226/20-23/ОС-сниж
C96: МИРОДЕП® лонг | D96: таблетки с пролонгированным высвобождением, покрытые пленочной оболочкой, 500 мг, 100 шт. - банки (1) - пачки картонные | E96: Вл.Общество с ограниченной ответственностью "Фармаклаб" (ООО "Фармаклаб"), Россия (4025444894); Пр.ЗАО `Обнинская химико-фармацевтическая компания` (ЗАО ОХФК), Россия (4025062616); Вып.к.Перв.Уп.Втор.Уп.Общество с ограниченной ответственностью "НоваМедика Иннотех" (ООО "НоваМедика Иннотех"), Россия (7718915102); | F96: 100 | G96: 544.77 | H96: =G96/F96 -> 5.4477 | I96: ЛП-004165 | J96: 06.03.2023 226/20-23/ОС-сниж
C97: МИРОДЕП® лонг | D97: таблетки с пролонгированным высвобождением, покрытые пленочной оболочкой, 500 мг, 100 шт. - банки (1) - пачки картонные | E97: Вл.Общество с ограниченной ответственностью "Фармаклаб" (ООО "Фармаклаб"), Россия (4025444894); Перв.Уп.Пр.ЗАО `Обнинская химико-фармацевтическая компания` (ЗАО ОХФК), Россия (4025062616); Вып.к.Втор.Уп.Общество с ограниченной ответственностью "Спутник Технополис" (ООО "Спутник Технополис"), Россия (9723108588); | F97: 100 | G97: 544.77 | H97: =G97/F97 -> 5.4477 | I97: ЛП-004165 | J97: 06.03.2023 226/20-23/ОС-сниж
... C153: Энкорат хроно® | D153: таблетки с пролонгированным высвобождением, покрытые пленочной оболочкой, 500 мг, 10 шт. - блистеры (3) - пачки картонные | E153: Вл.Сан Фармасьютикал Индастриз Лтд, Индия (AADCS3124K); Вып.к.Перв.Уп.Втор.Уп.Пр.Сан Фарма Лабораториз Лтд, Индия (AADCS3124K); | F153: 30 | G153: 160.57 | H153: =G153/F153 -> 5.3523333 | I153: ЛП-№(013447)-(РГ-RU) | J153: 09.04.2026 25-7-4358942-изм
B158: В гражданском обороте на 20.04.2026.

Sheet Средневзвешенная
A2: Начальная (максимальная) цена контракта определена в соответствии с Порядком, утвержденном Приказом Министерства здравоохранения Российской Федерации от 19 декабря 2019 года № 1064н «Об утверждении Порядка определения начальной (максимальной) цены контракта, цены контракта, заключаемого с единственным поставщиком (подрядчиком, исполнителем), начальной цены единицы товара, работы, услуги при осуществлении закупок лекарственных препаратов для медицинского применения».
A3: в) Расчет средневзвешенной цены на основании всех заключенных заказчиком контрактов на поставку планируемого к закупке лекарственного препарата с учетом эквивалентных лекарственных форм и дозировок за 12 месяцев, предшествующих месяцу расчета → Официальный сайт Единой информационной системы в сфере закупок zakupki.gov.ru
A4: Расчет средневзвешенной цены по контрактам (в случае заключения единственного контракта – цены по контракту)
A6: № п/п | B6: МНН | C6: Торговое наименование, дозировка, лекарственная форма | D6: ='Справочник лекарств'!F7 -> Дозировка | E6: Количество упаковок | F6: Количество шт в 1 упаковке | G6: Цена **по контракту за упаковку без НДС и оптовой надбавки, руб | H6: Цена **по контракту за мг без НДС и оптовой надбавки, руб | I6: Минимальное значение цены без учета НДС и оптовой надбавки | J6: Номер сведений о контракте (реестровой записи) и даты заключения контракта | K6: Ссылка на страницу в сети Интернет | L6: Примечание
A7: 3 | B7: Рисперидон | C7: Таблетки, диспергируемые в полости рта, 2 мг | D7: ='Справочник лекарств'!F8 -> 300 мг | E7: Данный метод не применяется, так как по контракту №0372200094424000021 были начислены штрафы/пени | J7: Контракт 0372200094424000021 от 21.02.2024 (Реестровый номер: 2471900855024000044 от 26.02.2024) | K7: https://zakupki.gov.ru/epz/contract/contractCard/common-info.html?reestrNumber= 2471900855024000044 | L7: по контракту №0372200094424000021 были начислены штрафы/пени
A8: 4 | B8: Рисперидон | C8: Таблетки, диспергируемые в полости рта, 0,5 мг | D8: ='Справочник лекарств'!F9 -> 500 мг | E8: Данный метод не применяется, так как по контракту №0372200094424000021 были начислены штрафы/пени | J8: Контракт 0372200094424000021 от 21.02.2024 (Реестровый номер: 2471900855024000044 от 26.02.2024) | K8: https://zakupki.gov.ru/epz/contract/contractCard/common-info.html?reestrNumber= 2471900855024000044 | L8: по контракту №0372200094424000021 были начислены штрафы/пени
A9: 1 | B9: ='Справочник лекарств'!B8 -> Вальпроевая кислота | C9: ='Справочник лекарств'!E8 -> Таблетки с пролонгированным высвобождением, покрытые оболочкой ГРЛС: Таблетки пролонгированного действия покрытые пленочной оболочкой; Таблетки пролонгированного действия покрытые оболочкой; Таблетки с пролонгированным высвобождением покрытые пленочной оболочкой | D9: ='Справочник лекарств'!F8 -> 300 мг | E9: Данный метод не применяется, так как отсутствуют контракты отвечающие требованиям данного метода расчета
A10: 2 | B10: ='Справочник лекарств'!B9 -> Вальпроевая кислота | C10: ='Справочник лекарств'!E9 -> Таблетки с пролонгированным высвобождением, покрытые оболочкой ГРЛС: Таблетки пролонгированного действия покрытые пленочной оболочкой; Таблетки пролонгированного действия покрытые оболочкой; Таблетки с пролонгированным высвобождением покрытые пленочной оболочкой | D10: ='Справочник лекарств'!F9 -> 500 мг | E10: Данный метод не применяется, так как отсутствуют контракты отвечающие требованиям данного метода расчета

Sheet анализ рынка
A2: Начальная (максимальная) цена контракта определена в соответствии с Порядком, утвержденном Приказом Министерства здравоохранения Российской Федерации от 19 декабря 2019 года № 1064н «Об утверждении Порядка определения начальной (максимальной) цены контракта, цены контракта, заключаемого с единственным поставщиком (подрядчиком, исполнителем), начальной цены единицы товара, работы, услуги при осуществлении закупок лекарственных препаратов для медицинского применения».
A3: а) Метод сопостовимых рыночных цен, предусмотренный части 2-6 статьи 22 Федерального закона от 05.04.2013 N 44-ФЗ "О контрактной системе в сфере закупок товаров, работ, услуг для обеспечения государственных и муниципальных нужд"
A4: В целях получения ценовой информации в отношении поставляемого товара для определения НМЦК был направлен запрос от 19.02.2021 №120 о предоставлении ценовой информации Поставщикам, обладающим опытом поставок соответствующих Товаров, информация о которых имеется в свободном доступе, в частности, опубликована в печати, размещена на сайтах в сети «Интернет». На запросы были представлены ценовые предложения от 3 (трех) Поставщиков. Расчет произведен по наименьшему ценовому предложению, в целях эффективности и экономии использования бюджетных средств, что не противоречит положениям Закона N 44-ФЗ (см., например, Решение Санкт-Петербургского УФАС России от 29.02.2016 по делу N 44-672/16).
A5: Метод сопоставимых рыночных цен (анализ рынка) (ч.2-6 ст.22 44-ФЗ), без учета НДС и оптовой надбавки
A7: № п/п | B7: МНН или при отсутствии МНН химическое, группировочное наименование Товара | C7: Лекарственная форма | D7: Дозировка | E7: Номер фармацевтической организации, дата КП, цена без учета НДС 10 % и оптовой надбавки, руб. | Q7: Наименьшая цена единицы лекарственного препараты
E8: Коммерческое предложение от 17.04.2026 №540 | I8: Коммерческое предложение от 17.04.2026 №538 | M8: Коммерческое предложение от 17.04.2026 №536
E9: Цена за упаковку, руб. | F9: Единицы измерения (количество товара, объем работы, услуги по ОКЕИ) | G9: Кол-во штук, в 1 упаковке | H9: Расчетная цена за единицу измерения (штука), руб. | I9: Цена за упаковку, руб. | J9: Единицы измерения (количество товара, объем работы, услуги по ОКЕИ) | K9: Кол-во штук, в 1 упаковке | L9: Расчетная цена за единицу измерения (штука), руб. | M9: Цена за упаковку, руб. | N9: Единицы измерения (количество товара, объем работы, услуги по ОКЕИ) | O9: Кол-во штук, в 1 упаковке | P9: Расчетная цена за единицу измерения (штука), руб.
A10: 1 | B10: =Средневзвешенная!B9 -> Вальпроевая кислота | C10: =Средневзвешенная!C9 -> Таблетки с пролонгированным высвобождением, покрытые оболочкой ГРЛС: Таблетки пролонгированного действия покрытые пленочной оболочкой; Таблетки пролонгированного действия покрытые оболочкой; Таблетки с пролонгированным высвобождением покрытые пленочной оболочкой | D10: =Средневзвешенная!D9 -> 300 мг | E10: 96.8 | F10: шт (таблетка) | G10: 30 | H10: =E10/G10 -> 3.2266667 | I10: 96.8 | J10: шт (таблетка) | K10: 30 | L10: =I10/K10 -> 3.2266667 | M10: 96.8 | N10: шт (таблетка) | O10: 30 | P10: =M10/O10 -> 3.2266667 | Q10: 3.23
A11: 2 | B11: =Средневзвешенная!B10 -> Вальпроевая кислота | C11: =Средневзвешенная!C10 -> Таблетки с пролонгированным высвобождением, покрытые оболочкой ГРЛС: Таблетки пролонгированного действия покрытые пленочной оболочкой; Таблетки пролонгированного действия покрытые оболочкой; Таблетки с пролонгированным высвобождением покрытые пленочной оболочкой | D11: =Средневзвешенная!D10 -> 500 мг | E11: 160.57 | F11: шт (таблетка) | G11: 30 | H11: =E11/G11 -> 5.3523333 | I11: 160.57 | J11: шт (таблетка) | K11: 30 | L11: =I11/K11 -> 5.3523333 | M11: 160.57 | N11: шт (таблетка) | O11: 30 | P11: =M11/O11 -> 5.3523333 | Q11: 5.35

Sheet Выбор минимального значения
A2: Минимальное значение НМЦ Товара за единицу измерения, установленное в ходе проведенного анализа, принимается в качестве начальной (максимальной) цены за единицу товара при расчете начальной (максимальной) цены государственного контракта.
A4: № п/п | B4: МНН или при отсутствии МНН химическое, группировочное наименование Товара | C4: Код позиции КТРУ / Реестровая запись. | D4: Единицы измерения (количество товара, объем работы, услуги по ОКЕИ) | E4: Лекарственная форма | F4: Дозировка | G4: Лекарственный препарат включен в перечень жизненно необходимых и важнейших лекарственных препаратов | H4: Тарифный метод (ч.8 ст.22 44-ФЗ), без учета НДС и оптовой надбавки | I4: Метод сопоставимых рыночных цен (анализ рынка) (ч.2-6 ст.22 44-ФЗ), без учета НДС и оптовой надбавки | J4: Расчет средневзвешенной цены по контрактам (в случае заключения единственного контракта – цены по контракту), без учета НДС и оптовой надбавки | K4: Расчет референтных цен, без учета НДС и оптовой надбавки | L4: Минимальное значение НМЦ Товара за единицу измерения, руб. По закупке реестровый номер 2026006015799 от 20.04.2026 подано 0 заявок. | M4: Следующее минимальное значение НМЦ Товара за единицу измерения, руб.
A5: 1 | B5: ='Справочник лекарств'!B8 -> Вальпроевая кислота | C5: ='Справочник лекарств'!C8 -> 21.20.10.233-000001-1-00178-0000000000000 | D5: шт (таблетка) | E5: ='Справочник лекарств'!E8 -> Таблетки с пролонгированным высвобождением, покрытые оболочкой ГРЛС: Таблетки пролонгированного действия покрытые пленочной оболочкой; Таблетки пролонгированного действия покрытые оболочкой; Таблетки с пролонгированным высвобождением покрытые пленочной оболочкой | F5: ='Справочник лекарств'!F8 -> 300 мг | G5: Да | H5: ='тарифный метод (только ЖНВЛП)'!K9 -> 3.111 | I5: ='анализ рынка'!Q10 -> 3.23 | J5: - | K5: - | L5: 3.11 | M5: 3.23
A6: 2 | B6: ='Справочник лекарств'!B9 -> Вальпроевая кислота | C6: ='Справочник лекарств'!C9 -> 21.20.10.233-000001-1-00180-0000000000000 | D6: шт (таблетка) | E6: ='Справочник лекарств'!E9 -> Таблетки с пролонгированным высвобождением, покрытые оболочкой ГРЛС: Таблетки пролонгированного действия покрытые пленочной оболочкой; Таблетки пролонгированного действия покрытые оболочкой; Таблетки с пролонгированным высвобождением покрытые пленочной оболочкой | F6: ='Справочник лекарств'!F9 -> 500 мг | G6: Да | H6: ='тарифный метод (только ЖНВЛП)'!K85 -> 5.185 | I6: ='анализ рынка'!Q11 -> 5.35 | J6: - | K6: - | L6: 5.19 | M6: 5.35
A8: Обоснование формирования начальной (максимальной) цены контракта:
A9: В соответствии с приказом Министерства здравоохранения Российской Федерации от 19 декабря 2019 года № 1064н «Об утверждении Порядка определения начальной (максимальной) цены контракта, цены контракта, заключаемого с единственным поставщиком (подрядчиком, исполнителем), начальной цены единицы товара, работы, услуги при осуществлении закупок лекарственных препаратов для медицинского применения» при определение начальной (максимальной) цены (далее – НМЦ) Товара за единицу измерения использовались:
A10: Применялись 2 метода расчета:
A11: а) метод сопоставимых рыночных цен (анализ рынка) и тарифный метод в соответствии с частями 1-2, 6 и 8 статьи 22 Федерального закона от 5 апреля 2013 г. № 44-ФЗ «О контрактной системе в сфере закупок товаров, работ, услуг для обеспечения государственных и муниципальных нужд».
A12: б) тарифный метод в соответствии с частями 1-2, 6 и 8 статьи 22 Федерального закона от 5 апреля 2013 г. № 44-ФЗ «О контрактной системе в сфере закупок товаров, работ, услуг для обеспечения государственных и муниципальных нужд».
A13: Не применялись 2 метода:
A14: в) метод расчета средневзвешенной цены на основании всех исполненных Заказчиком государственных контрактов на поставку планируемого к закупке лекарственного препарата с учетом эквивалентных лекарственных форм и дозировок за 12 месяцев, предшествующих месяцу расчета - данный метод не применяется, так как отсутствуют контракты отвечающие требованиям данного метода расчета
A15: г) использования цены, которая рассчитывается автоматически в единой государственной информационной системе в сфере здравоохранения, сведения о которой предоставляются в единую информационную систему в сфере закупок посредством информационного взаимодействия между указанными системами - данный метод не применяется так как на момент формирования НМЦК (от 04.2026) информация о референтной цене на официальном сайте Единой информационной системы в сфере закупок (http://zakupki.gov.ru): отсутствует.

Sheet РНМЦД
K2: Приложение №2 к извещению об осуществлении закупки
A3: РАСЧЕТ НАЧАЛЬНОЙ (МАКСИМАЛЬНОЙ) ЦЕНЫ ДОГОВОРА
A5: Начальная (максимальная) цена контракта определена в соответствии с Порядком, утвержденном Приказом Министерства здравоохранения Российской Федерации от 19 декабря 2019 года № 1064н «Об утверждении Порядка определения начальной (максимальной) цены контракта, цены контракта, заключаемого с единственным поставщиком (подрядчиком, исполнителем), начальной цены единицы товара, работы, услуги при осуществлении закупок лекарственных препаратов для медицинского применения».
A6: Расчет начальной (максимальной) цены контракта осуществляется по формуле:
A7: где: n - количество поставляемых лекарственных препаратов; Цi - цена единицы i-го лекарственного препарата с учетом налога на добавленную стоимость (далее - НДС) и оптовой надбавки; Vi - объем поставки i-го лекарственного препарата
A8: Объект закупки: Поставка лекарственного препарата для медицинского применения Вальпроевая кислота
A11: № п/п | B11: МНН или при отсутствии МНН химическое, группировочное наименование Товара | C11: Код МНН | D11: Код позиции КТРУ / Реестровая запись. | E11: Единицы измерения (количество товара, объем работы, услуги по ОКЕИ) | F11: Лекарственная форма | G11: Дозировка | H11: Лекарственный препарат включен в перечень жизненно необходимых и важнейших лекарственных препаратов | I11: Количество единиц измерения к обеспечению | J11: Минимальное значение цены без учета НДС и оптовой надбавки | K11: Цена с НДС * | L11: Наценка оптовая ** | M11: Цена для формирования НЦК с НДС и оптовой надбавкой для ЖНВЛП | N11: Цена для формирования НЦК с НДС с округлением | O11: Начальная (максимальная цена контракта с НДС и оптовой надбавкой
A12: 1 | B12: Рисперидон | C12: 181154 | D12: 21.20.10.235-000019-1-00230-0000000000000 | E12: шт (таблетка) | F12: Таблетки, покрытые оболочкой ГРЛС: Таблетки покрытые пленочной оболочкой | G12: 2 мг | H12: Да | I12: 20000 | J12: ='Выбор минимального значения'!#REF! -> #REF! | K12: =J12*1.1 -> #REF! | L12: 0.12 | M12: =K12*1.12 -> #REF! | N12: 8.38 | O12: =N12*I12 -> 167600
A13: 2 | B13: Рисперидон | C13: 177377 | D13: 21.20.10.235-000019-1-00057-0000000000000 | E13: шт (таблетка) | F13: Таблетки, диспергируемые в полости рта ГРЛС: Таблетки диспергируемые в полости рта | G13: 1 мг | H13: Да | I13: 12000 | J13: ='Выбор минимального значения'!#REF! -> #REF! | K13: =J13*1.1 -> #REF! | L13: 0.12 | M13: =K13*1.12 -> #REF! | N13: 6.2 | O13: =N13*I13 -> 74400
A14: 1 | B14: ='Выбор минимального значения'!B5 -> Вальпроевая кислота | C14: 184532 | D14: ='Справочник лекарств'!C8 -> 21.20.10.233-000001-1-00178-0000000000000 | E14: шт (таблетка) | F14: ='Справочник лекарств'!E8 -> Таблетки с пролонгированным высвобождением, покрытые оболочкой ГРЛС: Таблетки пролонгированного действия покрытые пленочной оболочкой; Таблетки пролонгированного действия покрытые оболочкой; Таблетки с пролонгированным высвобождением покрытые пленочной оболочкой | G14: ='Справочник лекарств'!F8 -> 300 мг | H14: Да | I14: 21000 | J14: ='Выбор минимального значения'!M5 -> 3.23 | K14: =J14*1.1 -> 3.553 | L14: 0.18 | M14: =K14*1.18 -> 4.19254 | N14: 4.19 | O14: =N14*I14 -> 87990
A15: 2 | B15: ='Выбор минимального значения'!B6 -> Вальпроевая кислота | C15: 184616 | D15: ='Справочник лекарств'!C9 -> 21.20.10.233-000001-1-00180-0000000000000 | E15: шт (таблетка) | F15: ='Справочник лекарств'!E9 -> Таблетки с пролонгированным высвобождением, покрытые оболочкой ГРЛС: Таблетки пролонгированного действия покрытые пленочной оболочкой; Таблетки пролонгированного действия покрытые оболочкой; Таблетки с пролонгированным высвобождением покрытые пленочной оболочкой | G15: ='Справочник лекарств'!F9 -> 500 мг | H15: Да | I15: 18000 | J15: ='Выбор минимального значения'!M6 -> 5.35 | K15: =J15*1.1 -> 5.885 | L15: 0.12 | M15: =K15*1.12 -> 6.5912 | N15: 6.59 | O15: =N15*I15 -> 118620
A16: Итого: | O16: =SUM(O14:O15) -> 206610
A18: Начальная (максимальная) цена договора составляет: | I18: =O16 -> 206610
A20: * НДС +10%, в соответствии с подпунктом 4 пункта 2 статьи 164 «Налогового кодекса Российской Федерации (часть вторая)» от 05.08.2000 № 117-ФЗ.
A21: ** Оптовая надбавка устанавливается только для лекарственных препаратов, включенных в перечень жизненно необходимых и важнейших лекарственных препаратов
A22: Нормативное значение (предельных цен), не установлено распоряжением Комитета по государственному заказу Санкт-Петербурга от 31.05.2018 № 100-р «Об утверждении значений потребительских свойств (в том числе характеристик качества) и иных характеристик (в том числе предельных цен) отдельных видов товаров, работ, услуг». Начальная (максимальная) цена контракта включает в себя все расходы на поставку товара, включая расходы по упаковке, доставке, погрузо-разгрузочным работам, а также расходы на страхование, уплату таможенных пошлин, налогов и других обязательных платежей, которые Поставщик должен выплатить в связи с выполнением обязательств по контракту в соответствии с законодательством Российской Федерации.
A23: Экономист _______________________ / Павлова Н.А. /
A25: Согласовано:
F26: Зав. аптекой __________________/ А.Г. Маренич /
A27: Начальник ООЗ __________________/ Н.Н. Сальникова /
A29: дата расчета: 21.04.2026 | M29: вх.№ 213 от 14.04.2026
